 Dungeon Crawl Stone Soup version 0.30-a0-778-g2ef04afb54 (webtiles) character file.

Game seed: 435584149037389103

2373101 Datul the Ruinous (level 26, 189/193 HPs)
             Began as a Demonspawn Necromancer on Feb 13, 2023.
             Was the Champion of Vehumet.
             Escaped with the Orb
             ... and 4 runes on Feb 16, 2023!
             The game lasted 09:08:24 (66701 turns).

Datul the Ruinous (Demonspawn Necromancer)         Turns: 66701, Time: 09:08:25

Health: 189/193    AC: 19    Str: 22    XL:     26   Next: 26%
Magic:  51/51      EV: 15    Int: 27    God:    Vehumet [******]
Gold:   2265       SH: 26    Dex: 17    Spells: 8/65 levels left

rFire   + + +      SeeInvis +    B - staff of fire
rCold   + + +      Faith    .    X - +5 kite shield {reflect}
rNeg    + + .      Spirit   .    h - +4 ring mail "Gilacaxoed" {rN+ Will+ SInv}
rPois   +          Reflect  +    J - +3 crown of Dyrovepreva {rElec Int+2 SInv}
rElec   +          Harm     .    V - +2 cloak {rPois}
rCorr   .          Rampage  .    (gloves unavailable)
Will    ++...                    d - +3 pair of boots of Entitlement {Str+2}
Stlth   +                        G - amulet of the Lotus Blossom {RegenMP rC+++ rN+ Dex-2 Stlth+}
HPRegen 0.52/turn                Z - ring "Zyahumom" {rElec rF++ rC- Dex+6 Stlth+}
MPRegen 0.72/turn                y - ring "Qowkechi" {Wiz rC+ Str+5}

@: agile, studying 5 skills
A: claws 3, large bone plates 3, foul stench 3, powered by pain 3, corrupting
presence 2, word of chaos, high MP 1, strong 1, inability to drink after injury
1
0: Orb of Zot
}: 4/15 runes: decaying, serpentine, slimy, silver
a: Word of Chaos, Renounce Religion


You escaped.
You worshipped Vehumet.
Vehumet was exalted by your worship.
You visited 12 branches of the dungeon, and saw 56 of its levels.
You visited 1 bazaar.
You also visited: Trove, Sewer, Gauntlet and Ice Cave.

You collected 7162 gold pieces.
You spent 4897 gold pieces at shops.

Inventory:

Hand Weapons
 a - the +10 sling of the Sneaky Wars {elec, Will+}
   (You found it in a Gauntlet)

   Will:      It increases your willpower.
 r - the +10 morningstar of the Imbibing Gods {heavy, +Blink rElec rPois Stlth+}
   (You bought it in a shop on level 2 of the Snake Pit)

   rElec:     It insulates you from electricity.
   rPois:     It protects you from poison.
   +Blink:    It lets you blink.
   Stlth:     It makes you more stealthy.
Armour
 d - the +3 pair of boots of Entitlement (worn) {Str+2}
   (You found it in a treasure trove)

   Str:       It affects your strength (+2).
 e - a +2 robe of resistance
 h - the +4 ring mail "Gilacaxoed" (worn) {rN+ Will+ SInv}
   (You found it in a treasure trove)

   rN:        It protects you from negative energy.
   SInv:      It lets you see invisible.
   Will:      It increases your willpower.
 i - a +2 robe of the Archmagi
 J - the +3 crown of Dyrovepreva (worn) {rElec Int+2 SInv}
   (You found it on level 3 of the Elven Halls)

   Int:       It affects your intelligence (+2).
   rElec:     It insulates you from electricity.
   SInv:      It lets you see invisible.
 V - a +2 cloak of poison resistance (worn)
 X - a +5 kite shield of reflection (worn)
Magical Staves
 B - a staff of fire (weapon)
 T - a staff of conjuration
Jewellery
 c - the amulet "Annuirus" {Reflect rCorr Str+3 Int+3 SH+5}
   (You found it on level 11 of the Dungeon)

   [amulet of reflection]

   It reflects blocked missile attacks.
   Str:       It affects your strength (+3).
   Int:       It affects your intelligence (+3).
   rCorr:     It protects you from acid and corrosion.
   SH:        It affects your SH (+5).
 j - the ring "Reum Iph" {MP+9 Int+3}
   (You took it off a yaktaur captain on level 5 of the Vaults)

   [ring of magical power]

   Int:       It affects your intelligence (+3).
   MP:        It affects your magic capacity (+9).
 k - the ring "Zipetwodi" {rElec MP+9 EV+5}
   (You acquired it on level 2 of the Vaults)

   [ring of evasion]

   EV:        It affects your evasion (+5).
   rElec:     It insulates you from electricity.
   MP:        It affects your magic capacity (+9).
 x - a ring of protection from fire
 y - the ring "Qowkechi" (right claw) {Wiz rC+ Str+5}
   (You found it on level 4 of the Swamp)

   [ring of wizardry]

   It improves your spell success rate.
   Str:       It affects your strength (+5).
   rC:        It protects you from cold.
 G - the amulet of the Lotus Blossom (around neck) {RegenMP rC+++ rN+ Dex-2 Stlth+}
   (You found it on level 3 of the Elven Halls)

   [amulet of magic regeneration]

   It increases your rate of magic regeneration.
   Dex:       It affects your dexterity (-2).
   rC:        It renders you almost immune to cold.
   rN:        It protects you from negative energy.
   Stlth:     It makes you more stealthy.
 L - the ring "Wabeseid" {rN++ MP+9 Int+3 Dex+2}
   (You found it on level 3 of the Crypt)

   [ring of magical power]

   Int:       It affects your intelligence (+3).
   Dex:       It affects your dexterity (+2).
   rN:        It greatly protects you from negative energy.
   MP:        It affects your magic capacity (+9).
 P - the ring of the Queen {+Blink Fly Str+4}
   (You found it on level 5 of the Pits of Slime)

   [ring of flight]

   Str:       It affects your strength (+4).
   Fly:       It grants you flight.
   +Blink:    It lets you blink.
 Z - the ring "Zyahumom" (left claw) {rElec rF++ rC- Dex+6 Stlth+}
   (You found it in a Gauntlet)

   [ring of dexterity]

   Dex:       It affects your dexterity (+6).
   rF:        It greatly protects you from fire.
   rC:        It makes you vulnerable to cold.
   rElec:     It insulates you from electricity.
   Stlth:     It makes you more stealthy.
Wands
 I - a wand of digging (6)
 N - a wand of roots (53)
 U - a wand of light (17)
Scrolls
 f - 9 scrolls of vulnerability
 n - 9 scrolls of enchant armour
 o - 4 scrolls of magic mapping
 p - 24 scrolls of teleportation
 t - 7 scrolls of amnesia
 u - 9 scrolls of fear
 v - 12 scrolls of poison
 C - 3 scrolls of blinking
 M - 11 scrolls of fog
 O - 5 scrolls of butterflies
Potions
 g - 13 potions of heal wounds
 l - 4 potions of ambrosia
 m - 8 potions of haste
 q - 5 potions of invisibility
 s - 5 potions of magic
 z - 10 potions of might
 A - 26 potions of curing
 D - 12 potions of flight
 E - 14 potions of mutation
 F - 9 potions of lignification
 R - 4 potions of cancellation
 S - 5 potions of resistance
 Y - 9 potions of brilliance
Miscellaneous
 b - a box of beasts
 w - a lightning rod (4/4)
 H - a condenser vane
 K - a tin of tremorstones (2/2)
 W - a phantom mirror


   Skills:
 + Level 12.9 Fighting
 - Level 5.0 Ranged Weapons
 - Level 2.3 Armour
 - Level 1.7 Dodging
 - Level 1.7 Stealth
 - Level 14.0 Shields
 + Level 20.0 Spellcasting
 - Level 23.6 Conjurations
 - Level 8.0 Necromancy
 - Level 3.0 Translocations
 - Level 10.0 Transmutations
 + Level 22.3 Fire Magic
 - Level 12.0 Earth Magic
 - Level 3.0 Poison Magic
 - Level 13.5 Evocations


You had 8 spell levels left.
You knew the following spells:

 Your Spells              Type           Power      Damage    Failure   Level
a - Necrotise             Necr           100%       1d9       1%          1
b - Blink                 Tloc           86%        N/A       1%          2
c - Ignition              Fire           61%        3d16      1%          8
d - Animate Dead          Necr           63%        N/A       1%          4
e - Call Imp              Summ           27%        N/A       2%          2
f - Fireball              Conj/Fire      61%        3d23      0%          5
g - Searing Ray           Conj           100%       2d8       0%          2
h - Statue Form           Tmut/Erth      48%        N/A       3%          6
i - Iskenderun's Mystic   Conj/Tloc      78%        2d16      1%          4
l - Lee's Rapid Deconstr  Erth           37%        3d19*     1%          5
m - Mephitic Cloud        Conj/Pois/Air  66%        N/A       1%          3
F - Fire Storm            Conj/Fire      61%        8d16      4%          9
I - Iron Shot             Conj/Erth      44%        9d9       1%          6

Your spell library contained the following spells:

 Spells                   Type           Power      Damage    Failure   Level
 Lehudib's Crystal Spear  Conj/Erth      44%        10d11     2%          8
 Shatter                  Erth           37%        3d30*     92%         9
 Foxfire                  Conj/Fire      100%       2x1d9     0%          1
 Kiss of Death            Conj/Necr      100%       2d13      0%          1
 Magic Dart               Conj           100%       1d8       0%          1
 Stone Arrow              Conj/Erth      100%       3d13      0%          3
 Flame Wave               Conj/Fire      100%       2d21      0%          4
 Sticky Flame             Conj/Fire      100%       2d11      0%          4
 Iskenderun's Battlesphe  Conj           100%       2d15      0%          5
 Apportation              Tloc           86%        N/A       1%          1
 Beastly Appendage        Tmut           100%       N/A       1%          1
 Freeze                   Ice            100%       1d10      1%          1
 Sandblast                Erth           100%       2d20      1%          1
 Shock                    Conj/Air       100%       1d9       1%          1
 Sting                    Tmut/Pois      100%       1d8       1%          1
 Summon Small Mammal      Summ           100%       N/A       1%          1
 Cigotuvi's Dreadful Rot  Necr/Pois/Air  92%        N/A       1%          2
 Lesser Beckoning         Tloc           86%        N/A       1%          2
 Momentum Strike          Conj/Tloc      100%       3d10      1%          2
 Passwall                 Tmut/Erth      60%        N/A       1%          2
 Poisonous Vapours        Pois/Air       70%        N/A       1%          2
 Static Discharge         Conj/Air       100%       2-7/arc   1%          2
 Sublimation of Blood     Necr           63%        N/A       1%          2
 Wereblood                Tmut           69%        N/A       1%          2
 Dazzling Flash           Conj/Hex       100%       N/A       1%          3
 Frozen Ramparts          Ice            54%        1d9       1%          3
 Hailstorm                Conj/Ice       74%        3d15      1%          3
 Ignite Poison            Fire/Tmut/Pois 94%        N/A       1%          3
 Inner Flame              Hex/Fire       92%        N/A       1%          3
 Kindle Blastsparks       Fire/Tloc/Air  100%       2d18      1%          3
 Spider Form              Tmut/Pois      58%        N/A       1%          3
 Vampiric Draining        Necr           63%        2d10      1%          3
 Animate Armour           Summ/Erth      100%       N/A       1%          4
 Dispel Undead            Necr           63%        3d22      1%          4
 Fulminant Prism          Conj/Hex       37%        3d17      1%          4
 Leda's Liquefaction      Hex/Erth       28%        N/A       1%          4
 Olgreb's Toxic Radiance  Pois           43%        N/A       1%          4
 Petrify                  Tmut/Erth      72%        N/A       1%          4
 Agony                    Necr           63%        N/A       1%          5
 Arcjolt                  Conj/Air       37%        1d47      1%          5
 Blade Hands              Tmut           34%        N/A       1%          5
 Borgnjor's Vile Clutch   Necr/Erth      34%        N/A       1%          5
 Freezing Cloud           Conj/Ice/Air   31%        6-21      1%          5
 Irradiate                Conj/Tmut      43%        3d26      1%          5
 Lightning Bolt           Conj/Air       37%        1d55      1%          5
 Conjure Ball Lightning   Conj/Air       37%        3x3d12    1%          6
 Starburst                Conj/Fire      61%        6d16      1%          6
 Orb of Destruction       Conj           50%        9d13      1%          7
 Ensorcelled Hibernation  Hex/Ice        54%        N/A       2%          2
 Ice Form                 Ice/Tmut       52%        N/A       2%          4
 Portal Projectile        Hex/Tloc       70%        N/A       3%          3
 Vhi's Electric Charge    Tloc/Air       70%        N/A       3%          3
 Alistair's Intoxication  Tmut/Pois      38%        N/A       3%          5
 Spellforged Servitor     Conj/Summ      37%        N/A       3%          7
 Airstrike                Air            13%        2d(2-18)  5%          4
 Manifold Assault         Tloc           43%        N/A       5%          4
 Eringya's Noxious Bog    Tmut/Pois      29%        N/A       5%          6
 Call Canine Familiar     Summ           27%        N/A       6%          3
 Confusing Touch          Hex            27%        N/A       6%          3
 Ozocubu's Armour         Ice            27%        N/A       6%          3
 Summon Guardian Golem    Hex/Summ       27%        N/A       6%          3
 Swiftness                Air            27%        N/A       6%          3
 Death Channel            Necr           31%        N/A       11%         6
 Cause Fear               Hex            13%        N/A       17%         4
 Summon Lightning Spire   Summ/Air       27%        N/A       17%         4
 Summon Forest            Summ/Tloc      17%        N/A       26%         5
 Dragon Form              Tmut           34%        N/A       26%         7
 Metabolic Englaciation   Hex/Ice        13%        N/A       43%         5
 Silence                  Hex/Air        13%        N/A       43%         5
 Summon Mana Viper        Hex/Summ       27%        N/A       43%         5
 Simulacrum               Ice/Necr       24%        N/A       45%         6
 Dispersal                Tloc           21%        N/A       58%         6
 Storm Form               Tmut/Air       26%        N/A       86%         7
 Summon Cactus Giant      Summ           13%        N/A       93%         6
 Ozocubu's Refrigeration  Ice            13%        4d10      95%         7
 Necromutation            Tmut/Necr      33%        N/A       95%         8
 Borgnjor's Revivificati  Necr           31%        N/A       98%         8
 Summon Hydra             Summ           13%        N/A       100%        7
 Discord                  Hex            13%        N/A       100%        8
 Disjunction              Tloc           21%        N/A       100%        8
 Death's Door             Necr           31%        N/A       100%        9
 Dragon's Call            Summ           13%        N/A       100%        9
 Polar Vortex             Ice            13%        N/A       100%        9


Dungeon Overview and Level Annotations

Branches:
Dungeon (15/15)            Temple (1/1) D:6            Lair (5/5) D:8
  Swamp (4/4) Lair:2        Snake (4/4) Lair:3        Slime (5/5) Lair:5
    Orc (2/2) D:9             Elf (3/3) Orc:2        Vaults (5/5) D:14
  Crypt (3/3) Vaults:2       Tomb (0/3) Crypt:3      Depths (4/4) D:15
    Zot (5/5) Depths:4      Sewer (visited)           IceCv (visited)
Gauntlet (visited)

Altars:
Ashenzari
Cheibriados
Fedhas
Gozag
Kikubaaqudgha
Makhleb
Nemelex Xobeh
Qazlal
Sif Muna
Vehumet
Xom
Jiyva

Shops:
D:3 *   D:6 :   D:10 !   D:12 =   Orc:1 :   Orc:2 (:!*   Elf:1 [[=([
Elf:2 *=::   Snake:1 **   Snake:2 (   Vaults:1 [   Vaults:2 (*!=   Depths:1 *
Depths:2 ?   Depths:3 =   Depths:4 (

Portals:
Hell: Depths:1 Depths:2 Depths:3 Depths:4
Abyss: Lair:1 Depths:3
Pandemonium: Orc:2 Depths:2 Depths:3
Ziggurat: Depths:1

Annotations:
Elf:2 3 runed translucent doors
Zot:2 Vv


Innate Abilities, Weirdness & Mutations

You have claws for hands.
You are completely covered in large bone plates. (SH +8)
You frequently emit foul miasma when damaged in melee.
You are powered by pain.
Your presence sometimes corrodes or deforms those you injure.
You can speak a Word of Chaos.
You have an increased reservoir of magic. (+10% MP)
Your muscles are strong. (Str +4, Int/Dex -1)
You occasionally lose the ability to drink potions when taking damage.


Message History

(H) Hell (Z) Zot
Where to? (Enter - D:1 @ (x,y), ? - help)
There is an open door here.
There is a stone staircase leading up here.
You climb upwards.
There is a stone staircase leading down here.
There is a stone staircase leading up here.
You climb upwards.
There is a stone staircase leading down here.
There is an escape hatch in the ceiling here.
A mysterious force pulls you upwards. The hatch slams shut behind you.
Cosott comes into view.
Cosott breathes, "Embrace thy fall, thou pribbling clay-brained flap-bat!"
Cosott moves out of view.
A soul eater comes into view.
Health restored: 193
Press: ? - help, . - travel You can't see that place. [the floor.] Cosott gestures at you.
The bolt of energy hits you!!
You focus on the pain.
You feel agile all of a sudden.
You take 20 damage, and have 173/193 hp.
There is an escape hatch in the ceiling here.
A mysterious force pulls you upwards. The hatch slams shut behind you.
(D) Dungeon (T) Temple (L) Lair (S) Swamp (P) Snake Pit (M) Slime Pits (O) Orcish Mines (E) Elven Halls (V) Vaults (C) Crypt (W) Tomb (U) Depths (H) Hell (Z) Zot
Where to? (Enter - D:1 @ (x,y), ? - help)
Okay, then.
A Hell Sentinel comes into view.
You regained 12 hp, and now have 187/193 hp.
Blink to where?
Press: ? - help, Dir - move target
As you read the scroll of blinking, it crumbles to dust.
Blink to where?
Press: ? - help, Dir - move target
As you read the scroll of blinking, it crumbles to dust.
You have escaped!

...#.#.....###...................
...#.#....#...###........#####.#.
.....#...#.......#......## #.#.
.#.###..#.........#.....# #.#.
....##..#.........#ยง....######.#.
##...##.#..........#.............
##...#.#....(......#...#######.#.
##..>#.#......#....#...# #.#.
##...#.#......#.@..#...# #(..
.......#.......#..#....# ###..#
##.....#.....#....#....## #.....
#..##.#......#..#......## #.....
##..##.#.......##........###.....
....##.#..................##.....
###.....#....................#...
.....#..#.................##.##.#
####.#...................###.####


There were no monsters in sight!

Vanquished Creatures
  the Royal Jelly (Slime:5)
  Dissolution (Slime:4)
  4 dread liches
  4 ancient liches
  2 orbs of fire (Zot:5)
  Mennas (Vaults:4)
  3 Killer Klowns
  Saint Roka (Vaults:2)
  2 curse toes
  Bai Suzhen (Vaults:4)
  4 golden dragons
  Nikola (Vaults:1)
  The ghost of Qecvurom the Warrior, an adept DrRe of Fedhas (Vaults:1)
  A bone dragon (Crypt:3)
  2 doom hounds (Depths:2)
  Rupert (Lair:5)
  An electric golem (Zot:5)
  Jorgrun (D:13)
  4 tentacled monstrosities
  6 liches
  Mlioglotl (Swamp:1)
  16 Orb Guardians
  An Ice Fiend (Depths:2)
  4 titans
  Grunn (Depths:2)
  2 deep elf blademasters (Elf:3)
  6 ancient champions
  5 quicksilver dragons
  A walking frostbound tome (Depths:4)
  13 acid blobs
  An Executioner (D:11)
  7 sphinxes
  6 tengu reavers
  2 draconian monks
  4 death cobs
  The ghost of Ubraesch the Brawler, an adept TrMo of Nemelex Xobeh (Depths:4)
  The ghost of Ocirch the Deadly Accurate, an adept DsGl of Dithmenos (Snake:3)
  6 storm dragons
  A thorn hunter (Swamp:4)
  The ghost of bobo the Eclecticist, an adept DEEE of Vehumet (Swamp:4)
  4 nagarajas
  6 shadow dragons
  7 rockslimes
  3 fire giants
  A daeva (Depths:1)
  3 revenants
  15 vault wardens
  7 frost giants
  11 azure jellies
  A balrug (Depths:1)
  10 deep elf sorcerers
  2 draconian scorchers
  Aizul (Snake:1)
  3 draconian shifters
  An angel (Depths:1)
  3 curse skulls
  2 iron dragons (Vaults:5)
  2 deep elf elementalists (Elf:3)
  2 draconian annihilators
  3 war gargoyles
  3 draconian stormcallers
  An orc warlord (Orc:2)
  16 quicksilver oozes
  A reaper (Depths:1)
  A ghoul (Vaults:2)
  8 stone giants
  17 ironbound preservers
  A spriggan defender (Depths:4)
  6 vampire knights
  19 very ugly things
  9 ironbound thunderhulks
  5 green draconians
  2 demonspawn black suns (D:11)
  22 dire elephants
  8 deep elf demonologists
  3 eleionomae
  5 deep elf annihilators
  An eleionoma (shapeshifter) (D:15)
  4 black draconians
  4 bunyips
  2 minotaurs
  8 white draconians
  The ghost of jimonade the Frost Mage, a journeyman OgIE of Okawaru (Lair:2)
  8 spark wasps (Depths:2)
  A red draconian (Zot:1)
  3 purple draconians
  8 yellow draconians
  The ghost of SpyderV the Severer, a journeyman MiFi of Yredelemnul (Lair:3)
  A crystal guardian (Vaults:3)
  3 deep elf death magi
  2 eidola (Crypt:3)
  9 ettins
  A mummy priest (Crypt:3)
  5 jiangshi
  5 fire dragons
  A shambling mangrove (Swamp:3)
  15 great orbs of eyes
  4 deep elf high priests
  Josephine (Snake:1)
  2 entropy weavers (Vaults:1)
  The ghost of tarna41 the Basher, a journeyman MiBe of Trog (Lair:1)
  12 yaktaur captains
  A fenstrider witch zombie (Crypt:2)
  18 hydras
  31 vault guards
  4 ice dragons
  4 salamander tyrants (Snake:4)
  7 rakshasas
  A ghost crab (Swamp:1)
  An anaconda (shapeshifter) (Elf:2)
  2 peacekeepers (Vaults:3)
  2 demonspawn (Orc:2)
  17 ironbound frosthearts
  A catoblepas (Lair:5)
  8 spriggan air magi
  The ghost of pigah the Martial Artist, a journeyman OpWn of Gozag (D:10)
  A fenstrider witch skeleton (Crypt:2)
  14 dancing weapons
  7 anacondas
  2 death knights
  9 deep troll earth magi
  9 centaur warriors
  5 deep troll shamans
  6 alligators
  11 naga warriors
  2 two-headed ogres
  2 boulder beetles
  A spectral dire elephant (Lair:5)
  6 tengu warriors
  5 naga sharpshooters
  3 shock serpents
  4 vampire magi
  5 death yaks
  5 orc high priests
  9 spriggans
  A spriggan berserker (Depths:4)
  A sun demon (Depths:3)
  2 soul eaters
  10 hell knights
  12 deep elf knights
  38 skeletal warriors
  2 skysharks (Lair:3)
  4 iron trolls
  4 sixfirhies
  A shadow wraith (Crypt:3)
  A salamander mystic (Snake:4)
  3 spriggan riders
  6 glowing orange brains
  8 goliath frogs
  4 spriggan druids
  6 flayed ghosts
  10 wizards
  A skyshark (shapeshifter) (Depths:4)
  66 deep trolls
  An anaconda zombie (Crypt:3)
  10 deep elf archers
  A shadow demon (D:12)
  2 naga ritualists
  12 swamp dragons
  An obsidian statue (Lair:5)
  An iron giant skeleton (Crypt:3)
  A bunyip skeleton (Crypt:1)
  5 harpies (Vaults:2)
  6 phantasmal warriors
  6 bog bodies
  An orange crystal statue (D:11)
  A wolf spider (shapeshifter) (Depths:2)
  11 lindwurms
  11 ironbound convokers
  26 deep elf pyromancers
  5 shining eyes
  A draconian zombie (Zot:4)
  6 orc knights
  5 manticores
  17 deep elf zephyrmancers
  19 ugly things
  A shadow dragon skeleton (Vaults:4)
  11 mana vipers
  5 will-o-the-wisps
  8 orc sorcerers
  11 necromancers
  8 cyclopes
  A jorogumo skeleton (Crypt:3)
  A salamander (shapeshifter) (D:10)
  7 salamanders
  A stone giant skeleton (Crypt:2)
  A sphinx skeleton (Crypt:1)
  14 vault sentinels
  12 elephants
  A shining eye (shapeshifter) (Depths:1)
  A shock serpent zombie (Crypt:3)
  A smoke demon (Orc:2)
  4 dire elephant zombies
  An elephant (shapeshifter) (Vaults:5)
  9 moths of wrath
  17 black mambas
  A rust devil (Zot:4)
  An ice statue (IceCv)
  11 naga magi
  A torpor snail (Lair:5)
  2 eyes of devastation (Slime:5)
  An alligator snapping turtle zombie (Crypt:1)
  A gargoyle (D:9)
  A minotaur zombie (Crypt:3)
  7 guardian serpents
  An elf skeleton (Vaults:4)
  A centaur skeleton (Crypt:2)
  An eye of devastation (shapeshifter) (Vaults:5)
  A catoblepas zombie (Crypt:1)
  An alligator snapping turtle skeleton (Crypt:3)
  26 yaktaurs
  A dire elephant skeleton (Crypt:1)
  2 unseen horrors
  4 freezing wraiths
  2 swamp worm zombies
  9 cane toads
  2 rime drakes
  Psyche (D:11)
  4 tengu conjurers
  2 efreet (D:14)
  2 death yak zombies (Lair:2)
  A purple draconian skeleton (Crypt:3)
  9 guardian mummies (Crypt:3)
  2 komodo dragons
  2 ice devils
  2 red devils
  2 grey draconian skeletons
  A hydra zombie (Crypt:2)
  6 polar bears
  A minotaur skeleton (Crypt:3)
  3 meliai (D:14)
  11 trolls
  A bloated husk (Swamp:1)
  11 tyrant leeches
  8 hornets
  A moth of wrath zombie (Zot:4)
  Prince Ribbit (D:8)
  5 blink frogs
  A raiju (Lair:1)
  A tarantella (Vaults:1)
  A blink frog (shapeshifter) (Lair:1)
  Grinder (D:6)
  A harpy skeleton (Crypt:2)
  A raiju (shapeshifter) (Vaults:5)
  2 dream sheep (Lair:5)
  2 spectral elephants (Lair:5)
  107 slime creatures
  2 black mamba zombies
  7 centaur simulacra
  7 water elementals
  A yak (shapeshifter) (Elf:2)
  48 yaks
  4 vampires
  2 flying skulls
  An ice dragon skeleton (Crypt:3)
  2 air elementals (Elf:2)
  3 wyverns
  13 wraiths
  A black mamba skeleton (Crypt:2)
  A spriggan zombie (Swamp:4)
  10 golden eyes
  A redback (Vaults:1)
  10 vampire mosquitoes
  5 basilisks
  4 fire elementals
  A steam dragon (D:8)
  A neqoxec (Orc:2)
  Menkaure (D:7)
  A death yak simulacrum (Lair:5)
  2 harpy simulacra (Gauntlet)
  34 nagas
  A deep troll zombie (Vaults:4)
  A glowing shapeshifter zombie (Vaults:4)
  A spectral cane toad (Lair:5)
  5 wargs
  7 water moccasins
  12 swamp worms
  An elf zombie (Elf:3)
  A two-headed ogre skeleton (Crypt:1)
  A floating eye (Depths:3)
  6 swamp drakes
  37 orc warriors
  A meliai simulacrum (Gauntlet)
  A glowing shapeshifter skeleton (Crypt:2)
  A hornet zombie (Lair:1)
  A sky beast (D:7)
  2 ice beasts
  4 great orb of eyes simulacra (IceCv)
  An elephant zombie (Lair:5)
  2 dream sheep zombies (Lair:5)
  A manticore zombie (Crypt:3)
  A blink frog zombie (Lair:3)
  11 boggarts
  8 wolves
  13 centaurs
  9 ogres
  2 phantoms (D:6)
  A centaur (shapeshifter) (Vaults:5)
  2 elephant skeletons (Lair:5)
  5 slime creature simulacra (IceCv)
  A vampire mosquito zombie (D:12)
  6 kobold brigands
  A rime drake skeleton (Crypt:2)
  An ogre simulacrum (Vaults:1)
  A glowing shapeshifter simulacrum (IceCv)
  11 bullfrogs
  A necrophage (D:6)
  4 scorpions
  2 cane toad simulacra (Lair:5)
  7 gnoll sergeants
  3 earth elementals
  Dowan (D:7)
  A troll zombie (D:11)
  2 elephant simulacra (Lair:5)
  4 killer bees (D:9)
  A warg skeleton (Crypt:3)
  A troll skeleton (Crypt:3)
  6 howler monkeys
  3 wolf zombies
  3 electric eels
  2 bullfrog zombies
  4 hounds
  Crazy Yiuf (D:7)
  A basilisk zombie (D:10)
  A centaur zombie (D:10)
  19 orc priests
  2 gnoll boudas
  2 iguanas (D:4)
  A wyvern simulacrum (Gauntlet)
  Ijyb (D:3)
  15 orc wizards
  3 shapeshifter simulacra (IceCv)
  A black bear skeleton (Crypt:1)
  2 ogre zombies (D:9)
  A naga zombie (Snake:3)
  A kobold zombie (D:9)
  A boggart simulacrum (D:14)
  A hound zombie (D:9)
  A hound skeleton (D:6)
  13 adders
  22 gnolls
  An adder (shapeshifter) (Vaults:5)
  A river rat (D:4)
  3 shadow imps
  12 white imps (Orc:1)
  An ufetubus (D:4)
  A lava snake skeleton (Crypt:1)
  A worm (D:3)
  3 dart slugs
  57 orcs
  5 endoplasms
  6 giant cockroaches
  10 hobgoblins
  3 quokkas
  11 ball pythons
  7 bats
  8 frilled lizards (Sewer)
  5 gnoll zombies
  6 goblins
  A hobgoblin skeleton (Crypt:1)
  A hobgoblin zombie (D:9)
  7 kobolds
  8 orc zombies
  8 rats
  A rat skeleton (Crypt:2)
  6 ball lightnings (Zot:5)
  A butterfly (Swamp:4)
1987 creatures vanquished.

Vanquished Creatures (collateral kills)
  A Killer Klown (Zot:4)
  A curse toe (Zot:3)
  A golden dragon (Depths:4)
  An electric golem (Zot:5)
  A tentacled monstrosity (Zot:5)
  9 Orb Guardians (Zot:5)
  2 deep elf master archers (Elf:3)
  6 acid blobs
  A sphinx (Vaults:4)
  A death cob (Zot:5)
  3 storm dragons
  4 rockslimes
  A fire giant (D:13)
  2 frost giants
  A vault warden (Vaults:2)
  4 ironbound preservers
  A war gargoyle (Vaults:5)
  8 very ugly things
  4 stone giants
  A red draconian (Zot:2)
  An eleionoma (Swamp:2)
  A purple draconian (Zot:2)
  2 spark wasps (Depths:2)
  4 dire elephants
  3 black draconians
  A vampire knight (Depths:1)
  A white draconian (Zot:5)
  A yellow draconian (Depths:4)
  2 bunyips (Swamp:4)
  An ettin (Depths:2)
  A deep elf death mage (Elf:3)
  2 fire dragons
  5 great orbs of eyes
  2 ice dragons
  6 hydras
  2 ironbound frosthearts
  2 anacondas
  A centaur warrior (D:10)
  A catoblepas (Lair:4)
  5 alligators
  A naga warrior (Snake:2)
  2 death yaks (Lair:2)
  A spriggan berserker (Depths:2)
  A deep troll earth mage (Depths:1)
  A vampire mage (Crypt:3)
  3 naga sharpshooters
  2 shock serpents (Snake:4)
  A spectral death yak (Lair:5)
  3 iron trolls
  A spriggan druid (Swamp:4)
  A salamander mystic (Snake:4)
  A skyshark (Lair:2)
  8 deep trolls
  A spectral anaconda (Lair:5)
  5 swamp dragons (Swamp:4)
  2 naga ritualists
  A death drake (Swamp:2)
  2 necromancers
  2 harpies (Vaults:2)
  2 ironbound convokers
  3 mana vipers
  4 bog bodies (Swamp:2)
  4 ugly things
  An ugly thing zombie (D:15)
  A deep elf pyromancer (D:13)
  3 orc sorcerers
  A draconian zombie (Zot:4)
  A salamander (Snake:4)
  A shining eye (Slime:1)
  12 elephants
  7 moths of wrath
  3 guardian serpents (Snake:4)
  11 black mambas
  An eye of devastation (Slime:4)
  A naga mage (Snake:4)
  A cane toad (Lair:5)
  A torpor snail (Lair:3)
  3 vault sentinels
  5 yaktaurs
  2 rime drakes (Swamp:4)
  A tengu conjurer (Swamp:2)
  2 komodo dragons
  2 tyrant leeches
  2 hornets
  3 polar bears
  A blink frog (Lair:1)
  3 dream sheep (Lair:5)
  23 slime creatures
  A vampire (D:15)
  2 spriggans
  27 yaks
  A ynoxinul (Lair:1)
  A golden eye (Slime:1)
  A water elemental (Elf:1)
  A wyvern (Lair:3)
  2 wraiths
  A basilisk (D:10)
  A slime creature zombie (Slime:5)
  10 nagas
  6 vampire mosquitoes
  4 swamp worms
  2 water moccasins
  Duvessa (D:7)
  4 orc warriors
  2 swamp drakes (Swamp:4)
  2 wolves (Lair:5)
  A boggart (D:14)
  A centaur (D:13)
  A slime creature simulacrum (IceCv)
  5 bullfrogs
  A kobold brigand (D:9)
  A glowing shapeshifter simulacrum (IceCv)
  A gnoll sergeant (D:10)
  A water moccasin zombie (Lair:1)
  A human simulacrum (Vaults:4)
  4 orc priests (Orc:2)
  2 shapeshifter simulacra (IceCv)
  9 gnolls
  A swamp drake zombie (Swamp:4)
  A shadow imp (D:5)
  14 orcs
  A giant cockroach (Sewer)
  A hobgoblin (D:9)
  A quokka (D:3)
  A ball python (Sewer)
  A frilled lizard (Sewer)
  4 kobolds
  An orc zombie (D:9)
  A rat (D:3)
  A butterfly (D:6)
366 creatures vanquished.

Vanquished Creatures (others)
  A pandemonium lord (Zot:5)
  A doom hound zombie (Depths:2)
  A Killer Klown zombie (Zot:3)
  An eleionoma (Swamp:4)
  A very ugly thing zombie (Vaults:4)
  4 Orb Guardian zombies (Zot:5)
  An alligator (Swamp:4)
  A quicksilver ooze zombie (Slime:5)
  2 titan zombies (Vaults:5)
  An azure jelly zombie (Slime:2)
  2 storm dragon zombies
  3 anaconda zombies
  3 bunyip zombies
  A golden dragon zombie (Vaults:5)
  A goliath frog (Swamp:4)
  A sphinx zombie (Vaults:5)
  A goliath frog zombie (Swamp:4)
  An ugly thing zombie (D:15)
  3 frost giant zombies
  4 draconian zombies
  3 stone giant zombies
  6 centaur zombies
  12 naga zombies
  A salamander zombie (Snake:4)
  A shock serpent zombie (Snake:4)
  A yellow draconian zombie (Zot:5)
  2 white draconian zombies
  4 swamp worm zombies
  A green draconian zombie (Zot:2)
  2 iron troll zombies
  A death yak zombie (Lair:5)
  2 mana viper zombies (Snake:4)
  6 hydra zombies
  A bloated husk (Swamp:4)
  6 moth of wrath zombies
  An alligator zombie (Swamp:4)
  An ettin zombie (Vaults:5)
  2 ice dragon zombies
  A guardian serpent zombie (Snake:3)
  A meliai zombie (D:14)
  A great orb of eyes zombie (Slime:2)
  8 black mamba zombies
  A water elemental (Elf:2)
  23 slime creature zombies
  11 spriggan zombies
  10 deep troll zombies
  2 cane toad zombies
  A demonspawn zombie (Orc:2)
  5 tengu zombies
  33 human zombies
  4 hornet zombies
  5 swamp dragon zombies (Swamp:4)
  12 elf zombies
  3 elephant zombies
  A blink frog zombie (Lair:1)
  2 dream sheep zombies (Lair:5)
  7 vampire mosquito zombies
  A rime drake zombie (Swamp:4)
  6 yaktaur zombies
  2 wyvern zombies (Lair:3)
  A water moccasin zombie (Lair:4)
  A cyclops zombie (D:13)
  6 yak zombies
  3 troll zombies
  2 warg zombies (Orc:2)
  A polar bear zombie (Lair:1)
  2 wolf zombies
  3 bullfrog zombies
  A basilisk zombie (Lair:4)
  A boggart zombie (Lair:2)
  2 ogre zombies
  A sky beast zombie (D:7)
  A hound zombie (D:9)
  12 gnoll zombies
  4 swamp drake zombies (Swamp:4)
  2 hobgoblin zombies (D:9)
  A kobold zombie (D:9)
  42 orc zombies
  51 fire vortices
  36 foxfires
  16 fulminant prisms
  55 fungi
  126 plants
  2 starspawn tentacles (Swamp:1)
  30 withered plants
629 creatures vanquished.

Grand Total: 2982 creatures vanquished

Notes
Turn   | Place    | Note
-------+----------+-------------------------------------------
     0 | D:1      | Datul the Demonspawn Necromancer began the quest for the
                  | Orb.
     0 | D:1      | Reached XP level 1. HP: 13/13 MP: 3/3
   598 | D:2      | Gained mutation: You are partially covered in large bone
                  | plates. (SH +4) [demonic ancestry]
   598 | D:2      | Reached XP level 2. HP: 19/19 MP: 1/5
   743 | D:2      | Identified the +0 scale mail "Niup Tof" {Rampage rC- Str-3
                  | SInv}
   775 | D:2      | Reached skill level 5 in Necromancy
   775 | D:2      | Reached XP level 3. HP: 24/24 MP: 2/7
   812 | D:2      | Learned a level 2 spell: Blink
   874 | D:2      | Learned a level 3 spell: Vampiric Draining
  1336 | D:3      | Reached skill level 1 in Translocations
  1336 | D:3      | Gained mutation: You have sharp fingernails. [demonic
                  | ancestry]
  1336 | D:3      | Reached XP level 4. HP: 22/30 MP: 0/8
  1530 | D:3      | Got Xic Gul's Vademecum on the Mob and Modification
  1825 | D:3      | Noticed Ijyb
  1831 | D:3      | Paralysed by Ijyb for 4 turns
  1837 | D:3      | Killed Ijyb
  1838 | D:3      | Gained mutation: You are mostly covered in large bone
                  | plates. (SH +6) [demonic ancestry]
  1838 | D:3      | Reached XP level 5. HP: 28/35 MP: 2/10
  1906 | D:3      | Found Qimyse Cazaj's Assorted Antiques.
  1915 | D:3      | Bought a runed marble ring for 135 gold pieces
  2424 | D:4      | Reached XP level 6. HP: 41/41 MP: 4/11
  2595 | D:4      | Learned a level 3 spell: Mephitic Cloud
  2749 | D:4      | Found a glowing drain.
  2753 | Sewer    | Entered a sewer
  2771 | Sewer    | Reached skill level 1 in Poison Magic
  2921 | Sewer    | Reached skill level 1 in Conjurations
  3029 | Sewer    | Gained mutation: You sometimes gain a little power by
                  | taking damage. [demonic ancestry]
  3029 | Sewer    | Reached XP level 7. HP: 43/46 MP: 4/13
  3357 | D:4      | Found a sparkling altar of Nemelex Xobeh.
  3437 | D:5      | Entered Level 5 of the Dungeon
  3543 | D:5      | Reached skill level 2 in Conjurations
  3616 | D:5      | Found the ring of the Hare {EV+10}
  3801 | D:6      | Found a burning altar of Makhleb.
  3816 | D:6      | Learned a level 2 spell: Call Imp
  3955 | D:6      | Learned a level 4 spell: Animate Dead
  4008 | D:6      | Identified the +3 scale mail "Lanyjugh" {rF+}
  4034 | D:6      | Reached skill level 5 in Spellcasting
  4062 | D:6      | Reached skill level 3 in Conjurations
  4439 | D:6      | Gained mutation: You may rarely emit foul miasma when
                  | damaged in melee. [demonic ancestry]
  4439 | D:6      | Reached XP level 8. HP: 52/52 MP: 12/15
  4443 | D:6      | Found Boqauj's Vocational Training.
  4710 | D:6      | Found a staircase to the Ecumenical Temple.
  4721 | D:6      | Identified the +2 leather armour of Conscience {Int+3}
  4738 | Temple   | Entered the Ecumenical Temple
  4759 | Temple   | Became a worshipper of Vehumet
  5342 | D:5      | Reached skill level 4 in Conjurations
  6097 | D:3      | Bought a pink potion for 24 gold pieces
  6097 | D:3      | Bought 2 pink potions for 48 gold pieces
  6257 | D:7      | Noticed Menkaure
  6257 | D:7      | Noticed Duvessa
  6257 | D:7      | Noticed Dowan
  6314 | D:7      | Reached skill level 5 in Conjurations
  6423 | D:7      | Killed Dowan
  6432 | D:7      | Killed Duvessa
  6455 | D:7      | Reached XP level 9. HP: 57/57 MP: 5/19
  6468 | D:7      | Killed Menkaure
  6469 | D:7      | Reached skill level 6 in Conjurations
  6774 | D:7      | Found a runed translucent door.
  6775 | D:7      | Noticed Crazy Yiuf
  6807 | D:7      | Reached * piety under Vehumet
  6807 | D:7      | Offered knowledge of Foxfire by Vehumet.
  6956 | D:7      | Found an opulent altar of Gozag.
  7068 | D:7      | Found a faded altar of an unknown god.
  7074 | D:7      | Found a faded altar of an unknown god.
  7076 | D:7      | Found a snail-covered altar of Cheibriados.
  7244 | D:8      | Noticed a two-headed ogre
  7576 | D:8      | Found a runed translucent door.
  7576 | D:8      | Noticed a sixfirhy
  7620 | D:8      | Noticed Prince Ribbit
  7631 | D:8      | Killed a two-headed ogre
  7632 | D:8      | Reached skill level 7 in Conjurations
  7849 | D:8      | Found a staircase to the Lair.
  7861 | D:8      | Reached skill level 8 in Conjurations
  8005 | D:8      | Reached XP level 10. HP: 63/63 MP: 15/22
  8058 | D:8      | Found a broken altar of Ashenzari.
  8124 | D:8      | Killed Prince Ribbit
  8353 | D:9      | Reached skill level 9 in Conjurations
  8401 | D:9      | Reached ** piety under Vehumet
  8401 | D:9      | Offered knowledge of Searing Ray by Vehumet.
  8407 | D:9      | Learned a level 2 spell: Searing Ray
  8706 | D:9      | Reached skill level 10 in Spellcasting
  8715 | D:9      | Found a staircase to the Orcish Mines.
  8967 | D:9      | Reached skill level 10 in Conjurations
  9138 | D:9      | Reached skill level 1 in Fighting
  9138 | D:9      | Offered knowledge of Dazzling Flash by Vehumet.
  9370 | D:9      | Reached *** piety under Vehumet
  9486 | D:9      | Offered knowledge of Inner Flame by Vehumet.
  9744 | D:9      | Noticed a gargoyle
  9917 | D:9      | Killed a gargoyle
  9918 | D:9      | Reached skill level 5 in Fighting
  9918 | D:9      | Gained mutation: You have very sharp fingernails. [demonic
                  | ancestry]
  9918 | D:9      | Reached XP level 11. HP: 41/79 MP: 19/25
 10163 | D:10     | Entered Level 10 of the Dungeon
 10197 | D:10     | Found a runed translucent door.
 10197 | D:10     | Noticed pigah's ghost (journeyman OpWn)
 10227 | D:10     | Noticed a tengu warrior
 10249 | D:10     | Noticed a centaur warrior
 10257 | D:10     | Killed a tengu warrior
 10260 | D:10     | Killed a centaur warrior
 10564 | D:10     | Reached skill level 1 in Shields
 10641 | D:10     | Reached **** piety under Vehumet
 10732 | D:10     | Found a shimmering blue altar of Sif Muna.
 10963 | D:10     | Found Guin Fit's Distillery.
 10966 | D:10     | Bought a potion of lignification for 48 gold pieces
 11391 | D:3      | Bought an embroidered cloak for 202 gold pieces
 11567 | D:11     | Noticed Psyche
 11700 | D:11     | Killed Psyche
 12286 | D:11     | Noticed an orange crystal statue
 12445 | D:11     | Offered knowledge of Iskenderun's Mystic Blast by Vehumet.
 12446 | D:11     | Reached skill level 10 in Fighting
 12452 | D:11     | Learned a level 4 spell: Iskenderun's Mystic Blast
 12471 | D:11     | Gained mutation: You are completely covered in large bone
                  | plates. (SH +8) [demonic ancestry]
 12471 | D:11     | Reached XP level 12. HP: 97/97 MP: 7/26
 13439 | D:12     | Noticed a two-headed ogre
 13440 | D:12     | Found a gate leading to a gauntlet.
 13452 | D:12     | Killed a two-headed ogre
 13465 | D:12     | Learned a level 4 spell: Fulminant Prism
 13471 | D:12     | Learned a level 5 spell: Lee's Rapid Deconstruction
 13507 | Gauntlet | Entered a Gauntlet
 13507 | Gauntlet | Found a transporter.
 13507 | Gauntlet | Found a transporter.
 13511 | Gauntlet | Found a runed translucent door.
 13513 | Gauntlet | Found a transporter.
 13515 | Gauntlet | Found a runed translucent door.
 13525 | Gauntlet | Found a transporter.
 13543 | Gauntlet | Found a transporter.
 13543 | Gauntlet | Found a transporter.
 13543 | Gauntlet | Found a transporter.
 13543 | Gauntlet | Noticed a death yak
 13543 | Gauntlet | Noticed a death yak
 13544 | Gauntlet | Noticed a death yak
 13545 | Gauntlet | Found a transporter.
 13545 | Gauntlet | Found a transporter.
 13545 | Gauntlet | Noticed a death yak
 13557 | Gauntlet | Found a transporter.
 13572 | Gauntlet | Found a runed translucent door.
 13573 | Gauntlet | Found a transporter.
 13574 | Gauntlet | Found a runed translucent door.
 13574 | Gauntlet | Noticed a minotaur
 13583 | Gauntlet | Found a transporter.
 13586 | Gauntlet | Noticed a great orb of eyes
 13598 | Gauntlet | Found a transporter.
 13613 | Gauntlet | Noticed a death yak
 13618 | Gauntlet | Found a transporter.
 13681 | Gauntlet | Reached skill level 1 in Earth Magic
 13702 | Gauntlet | Noticed a death yak
 13847 | Gauntlet | Identified the ring "Zyahumom" {rElec rF++ rC- Dex+6
                  | Stlth+}
 14100 | Gauntlet | Identified the amulet "Ycweqox" {RegenMP Str+3}
 14129 | Gauntlet | Found the +8 trishula "Condemnation" {holy, anguish, *Noise
                  | Fly rN+}
 14142 | Gauntlet | Identified the +10 sling of the Sneaky Wars {elec, Will+}
 14147 | Gauntlet | Killed a minotaur
 14666 | D:12     | Found Giphys's Jewellery Shop.
 14687 | D:12     | Reached skill level 5 in Earth Magic
 15067 | Lair:1   | Entered Level 1 of the Lair of Beasts
 15209 | Lair:1   | Reached skill level 1 in Ranged Weapons
 15211 | Lair:1   | Reached ***** piety under Vehumet
 15329 | Lair:1   | Found a transporter.
 15361 | Lair:1   | Found a one-way gate to the infinite horrors of the Abyss.
 15361 | Lair:1   | Noticed tarna41's ghost (journeyman MiBe)
 15378 | Lair:1   | Noticed a rakshasa
 15383 | Lair:1   | Found a transporter.
 15744 | Lair:2   | Offered knowledge of Flame Wave by Vehumet.
 15800 | Lair:2   | Noticed a death yak
 15803 | Lair:2   | Noticed a death yak
 15804 | Lair:2   | Noticed a death yak
 15816 | Lair:2   | Killed a death yak
 15819 | Lair:2   | Killed a death yak
 15828 | Lair:2   | Killed a death yak
 15872 | Lair:2   | Gained mutation: You sometimes emit foul miasma when
                  | damaged in melee. [demonic ancestry]
 15872 | Lair:2   | Reached XP level 13. HP: 103/103 MP: 25/28
 16195 | Lair:2   | Reached skill level 5 in Ranged Weapons
 16251 | Lair:2   | Found a runed translucent door.
 16492 | Lair:2   | Found a staircase to the Swamp.
 16643 | Lair:2   | Noticed jimonade's ghost (journeyman OgIE)
 16644 | Lair:2   | Identified the +3 trident of Uxosun {drain, rF+ Str-5
                  | Dex+8}
 16861 | Lair:3   | Noticed a minotaur
 16863 | Lair:3   | Found a staircase to the Snake Pit.
 16873 | Lair:3   | Noticed SpyderV's ghost (journeyman MiFi)
 16985 | Lair:3   | Found a runed translucent gate.
 16985 | Lair:3   | Found a runed translucent gate.
 16986 | Lair:3   | Found a runed translucent gate.
 17526 | Lair:3   | Reached skill level 10 in Earth Magic
 18195 | Lair:4   | Reached skill level 1 in Fire Magic
 18285 | Lair:4   | Offered knowledge of Iron Shot by Vehumet.
 18293 | Lair:4   | Learned a level 6 spell: Iron Shot
 18915 | Lair:5   | Entered Level 5 of the Lair of Beasts
 18989 | Lair:5   | Noticed a dire elephant
 19291 | Lair:4   | Reached XP level 14. HP: 64/110 MP: 29/29
 19779 | Lair:5   | Found a staircase to the Slime Pits.
 19779 | Lair:5   | Found a viscous altar of Jiyva.
 19792 | Lair:5   | Reached skill level 11 in Conjurations
 20170 | Lair:5   | Noticed Rupert
 20950 | Lair:5   | Killed Rupert
 20988 | Lair:5   | Reached skill level 12 in Conjurations
 21066 | Lair:5   | Offered knowledge of Fireball by Vehumet.
 21193 | Lair:5   | Learned a level 5 spell: Fireball
 21434 | Lair:5   | Reached skill level 5 in Fire Magic
 21840 | Orc:1    | Entered Level 1 of the Orcish Mines
 21849 | Orc:1    | You fall into a shaft and drop 1 floor!
 21849 | Orc:2    | Entered Level 2 of the Orcish Mines
 21937 | Orc:1    | Found a frozen archway.
 21952 | Orc:1    | Found Anuppeep's Book Shoppe.
 21992 | IceCv    | Entered an ice cave
 22208 | IceCv    | Reached skill level 13 in Conjurations
 22324 | IceCv    | Gained mutation: You sometimes gain power by taking damage.
                  | [demonic ancestry]
 22324 | IceCv    | Reached XP level 15. HP: 115/115 MP: 5/30
 22446 | IceCv    | Found a viscous altar of Jiyva.
 22446 | IceCv    | Noticed an azure jelly
 22448 | IceCv    | Killed an azure jelly
 22508 | IceCv    | Got the Commentary on Freezing
 22512 | IceCv    | Got the ring "Caehen" {Ice Str+4 Int+3 Dex-5}
 22718 | Orc:2    | Found a staircase to the Elven Halls.
 22782 | Orc:2    | Offered knowledge of Yara's Violent Unravelling by Vehumet.
 23128 | Orc:2    | Paralysed by an orc sorcerer for 5 turns
 23344 | Orc:2    | Found Opnappui's Distillery.
 23417 | Orc:2    | Found Iloegul's General Store.
 23441 | Orc:2    | Bought a potion of magic for 112 gold pieces
 23441 | Orc:2    | Bought a potion of magic for 112 gold pieces
 23766 | Orc:2    | Reached skill level 14 in Conjurations
 23822 | Orc:2    | Found Guokhlaig's Book Boutique.
 23822 | Orc:2    | Found Satusagu's Antique Weapon Shop.
 23823 | Orc:2    | Found a one-way gate leading to the halls of Pandemonium.
 24268 | Orc:2    | Bought a potion of lignification for 42 gold pieces
 24268 | Orc:2    | Bought a potion of haste for 140 gold pieces
 24268 | Orc:2    | Bought a potion of invisibility for 112 gold pieces
 24268 | Orc:2    | Bought a potion of mutation for 112 gold pieces
 24825 | D:11     | Identified the amulet "Annuirus" {Reflect rCorr Str+3 Int+3
                  | SH+5}
 24837 | D:11     | Identified the +7 flail of Crawling {protect, rElec rC-
                  | Str+4 Dex+5}
 25006 | D:6      | Noticed Grinder
 25009 | D:6      | Killed Grinder
 25255 | D:7      | Killed Crazy Yiuf
 25396 | D:10     | Killed pigah's ghost
 25558 | D:12     | Offered knowledge of Irradiate by Vehumet.
 25750 | D:13     | Noticed Jorgrun
 25766 | D:13     | Killed Jorgrun
 25880 | D:13     | Found a broken altar of Ashenzari.
 25927 | D:13     | Identified a scroll of acquirement
 25932 | D:13     | Acquired a staff of conjuration
 26641 | D:13     | Reached skill level 15 in Conjurations
 26849 | D:13     | Identified the +7 trident of Efuuh {freeze, rF+ Dex+6}
 26853 | D:13     | Noticed a fire giant
 26859 | D:13     | Killed a fire giant
 27041 | D:13     | Found a portal to a secret trove of treasure.
 27229 | D:14     | Gained mutation: You are powered by pain. [demonic
                  | ancestry]
 27229 | D:14     | Reached XP level 16. HP: 102/122 MP: 29/32
 27298 | D:14     | Found a gate to the Vaults.
 27765 | D:15     | Entered Level 15 of the Dungeon
 28048 | D:15     | Reached skill level 10 in Fire Magic
 28174 | D:15     | Found a staircase to the Depths.
 28849 | D:15     | Found an ancient bone altar of Kikubaaqudgha.
 28914 | D:15     | Offered knowledge of Orb of Destruction by Vehumet.
 28928 | D:15     | Upgraded the game from 0.30-a0-777-ga9a30cbeda to
                  | 0.30-a0-778-g2ef04afb54
 29159 | Swamp:1  | Entered Level 1 of the Swamp
 29248 | Swamp:1  | Reached skill level 16 in Conjurations
 29338 | Swamp:1  | Noticed Mlioglotl
 29363 | Swamp:1  | Noticed a tentacled starspawn
 29447 | Snake:1  | Entered Level 1 of the Snake Pit
 29570 | Snake:1  | Noticed Josephine
 29573 | Snake:1  | Killed Josephine
 29689 | Snake:1  | Noticed Aizul
 29699 | Snake:1  | Killed Aizul
 29858 | Snake:1  | Found Jaskyrub's General Store.
 29861 | Snake:1  | Found Ojagoent's Specific Store.
 31057 | Snake:2  | Found Sifus's Antique Weapon Boutique.
 31066 | Snake:2  | Bought a buzzing morningstar for 243 gold pieces
 31066 | Snake:2  | Identified the +10 morningstar of the Imbibing Gods {heavy,
                  | +Blink rElec rPois Stlth+} (You bought it in a shop on
                  | level 2 of the Snake Pit)
 31156 | Snake:2  | Reached ****** piety under Vehumet
 31531 | Snake:2  | Offered knowledge of Spellforged Servitor by Vehumet.
 32348 | Snake:3  | Gained mutation: You have claws for hands. [demonic
                  | ancestry]
 32348 | Snake:3  | Reached XP level 17. HP: 126/128 MP: 14/33
 32843 | Snake:3  | Identified the +9 flail of Possuqats {freeze, *Slow Str+6
                  | SInv Stlth+}
 33353 | Snake:3  | Found a runed translucent door.
 33354 | Snake:3  | Noticed Ocirch's ghost (adept DsGl)
 33608 | Snake:4  | Entered Level 4 of the Snake Pit
 34770 | Snake:4  | Reached skill level 15 in Fire Magic
 35047 | Snake:4  | Noticed a quicksilver dragon
 35048 | Snake:4  | Noticed a quicksilver dragon
 35055 | Snake:4  | Killed a quicksilver dragon
 35118 | Snake:4  | Killed a quicksilver dragon
 35163 | Snake:4  | Got a serpentine rune of Zot
 35383 | Lair:1   | Offered knowledge of Lehudib's Crystal Spear by Vehumet.
 35383 | Lair:1   | Offered knowledge of Fire Storm by Vehumet.
 35383 | Lair:1   | Offered knowledge of Shatter by Vehumet.
 35400 | Lair:1   | Killed tarna41's ghost
 35549 | Lair:2   | Reached skill level 1 in Evocations
 35564 | Lair:2   | Killed jimonade's ghost
 35855 | Swamp:1  | Killed Mlioglotl
 36544 | Swamp:2  | Gained mutation: Your presence sometimes corrodes those you
                  | injure. [demonic ancestry]
 36544 | Swamp:2  | Reached XP level 18. HP: 109/134 MP: 12/34
 37651 | Swamp:3  | Reached skill level 5 in Evocations
 37765 | Swamp:3  | Learned a level 8 spell: Ignition
 38060 | Swamp:4  | Entered Level 4 of the Swamp
 38573 | Swamp:4  | Got a decaying rune of Zot
 38652 | Swamp:4  | Noticed bobo's ghost (adept DEEE)
 38692 | Swamp:4  | Found a transporter.
 39133 | Swamp:4  | Found a transporter.
 39260 | Swamp:4  | Killed bobo's ghost
 39300 | Swamp:4  | Identified the ring "Qowkechi" {Wiz rC+ Str+5}
 39303 | Swamp:4  | Identified the +0 pair of gloves "Iheq" {Contam Harm rPois
                  | Slay-2}
 39568 | D:6      | Bought a manual of Evocations for 1040 gold pieces
 39764 | Vaults:1 | Entered Level 1 of the Vaults
 40304 | Vaults:1 | Identified the +0 plate armour "Dekoemye" {Harm +Blink
                  | Str+3}
 40559 | Vaults:1 | Found Dicwiapnua's Armour Boutique.
 40775 | Vaults:1 | Gained mutation: Your presence sometimes corrodes or
                  | deforms those you injure. [demonic ancestry]
 40775 | Vaults:1 | Reached XP level 19. HP: 130/140 MP: 11/36
 40865 | Vaults:1 | Found a transporter.
 40888 | Vaults:1 | Noticed Qecvurom's ghost (adept DrRe)
 40915 | Vaults:1 | Found a transporter.
 41008 | Vaults:1 | You fall into a shaft and drop 1 floor!
 41008 | Vaults:2 | Found a staircase to the Crypt.
 41058 | Vaults:2 | Reached skill level 10 in Evocations
 41075 | Vaults:2 | Found Ilisepu's General Store.
 41085 | Vaults:2 | Bought a scroll of acquirement for 780 gold pieces
 41085 | Vaults:2 | Acquired the ring "Zipetwodi" {rElec MP+9 EV+5}
 41262 | Vaults:2 | Noticed Saint Roka
 41270 | Vaults:2 | Killed Saint Roka
 41278 | Vaults:2 | Found Hiages's Jewellery Emporium.
 41331 | Vaults:2 | Found Roxolurph's Distillery.
 42006 | Vaults:2 | Found Mosis's Weapon Boutique.
 42320 | Vaults:3 | Found a flickering gateway to a bazaar.
 42328 | Bazaar   | Entered a bazaar
 42343 | Bazaar   | Found Icvejefi's Antique Armour Emporium.
 42345 | Bazaar   | Found Jirche's General Store.
 42353 | Bazaar   | Found Zyemab's Antique Weapon Emporium.
 42357 | Bazaar   | Found Ocappoimud's Book Boutique.
 42370 | Bazaar   | Found Qootueg's Armour Shop.
 42398 | Bazaar   | Bought an embroidered hat for 147 gold pieces
 42576 | Vaults:3 | Paralysed by a great orb of eyes for 2 turns
 43050 | Vaults:3 | Identified the ring "Miocohu" {rPois rF+ Will- rCorr Dex+2}
 43741 | Vaults:3 | Found a radiant altar of Vehumet.
 43752 | Vaults:3 | Identified the +1 robe of the Heavens {rC+ Str+3}
 43755 | Vaults:3 | Identified the +1 hat of Trumpets {Rampage SInv}
 43793 | Vaults:3 | Identified the +1 hat "Zeefac" {rC+}
 44007 | Vaults:3 | Gained mutation: You frequently emit foul miasma when
                  | damaged in melee. [demonic ancestry]
 44007 | Vaults:3 | Reached XP level 20. HP: 138/147 MP: 8/38
 44128 | Vaults:3 | Reached skill level 15 in Spellcasting
 44732 | Vaults:1 | Noticed Nikola
 44735 | Vaults:1 | Killed Nikola
 45442 | Elf:1    | Entered Level 1 of the Elven Halls
 45537 | Elf:1    | Found Jotef's Armour Shop.
 45550 | Elf:1    | Found Fusyti's Weapon Boutique.
 46162 | Elf:1    | Found Dischuk's Armour Shoppe.
 46261 | Elf:1    | Found Qedijathai's Jewellery Shop.
 46261 | Elf:1    | You fall into a shaft and drop 1 floor!
 46264 | Elf:2    | Found Olaots's General Store.
 46411 | Elf:1    | Found Yjem's Armour Boutique.
 46773 | Elf:2    | Learned a level 9 spell: Fire Storm
 46908 | Elf:2    | Found an ancient bone altar of Kikubaaqudgha.
 46969 | Elf:2    | Found Biejuw's Book Emporium.
 46971 | Elf:2    | Found Zeatufih's Jewellery Shop.
 46972 | Elf:2    | Found Kogasch's Book Emporium.
 47125 | Elf:2    | Reached skill level 17 in Conjurations
 47243 | Elf:2    | Found a runed translucent gate.
 47244 | Elf:2    | Found a runed translucent gate.
 47244 | Elf:2    | Found a runed translucent gate.
 47557 | Elf:3    | Entered Level 3 of the Elven Halls
 47894 | Elf:3    | Identified the +9 whip of Aradeklo {heavy, MP+9}
 48527 | Elf:3    | Reached skill level 5 in Shields
 48529 | Elf:3    | Reached XP level 21. HP: 112/153 MP: 41/41
 48617 | Elf:3    | Found the +3 crown of Dyrovepreva {rElec Int+2 SInv}
 48618 | Elf:3    | Identified the ring "Podaj" {Will- EV+5 Str+3 Stlth+}
 48640 | Elf:3    | Identified the +1 leather armour of Zounn {Contam Harm
                  | Dex+3}
 48642 | Elf:3    | Identified the ring of Haumne {Fire Stlth+}
 48663 | Elf:3    | Identified the amulet of the Lotus Blossom {RegenMP rC+++
                  | rN+ Dex-2 Stlth+}
 48670 | Elf:3    | Got the Encyclopedia of Heat
 48674 | Elf:3    | Identified the amulet of Ralyik Fek {RegenMP rN+ rCorr}
 48691 | Elf:3    | Got Sif Muna's Quarto of Transportation
 48701 | Elf:3    | Got Sif Muna's Essays on the Fault
 48783 | Elf:3    | Identified the +7 battleaxe "Tymaxor" {pain, rElec rN+
                  | Int+4 Dex-2}
 49226 | Depths:1 | Entered Level 1 of the Depths
 49273 | Depths:1 | Paralysed by a vampire knight for 5 turns
 49531 | Depths:1 | Found Nangajot's Pet Rocks.
 49655 | Depths:1 | Gained mutation: You occasionally lose the ability to drink
                  | potions when taking damage. [a shining eye]
 49938 | Depths:1 | Found a gateway to Hell.
 50119 | Depths:1 | Found a one-way gateway to a ziggurat.
 50297 | Depths:2 | Found Hionweda's Magic Scroll Shop.
 50465 | Depths:2 | Reached skill level 18 in Conjurations
 50488 | Depths:2 | Found the +5 glaive of the Guard {elec, spectral, AC+5}
 50689 | Depths:2 | Noticed Grunn
 50694 | Depths:2 | Killed Grunn
 52371 | Depths:3 | Found Pus Bed's Jewellery Emporium.
 52392 | Depths:3 | Reached skill level 19 in Conjurations
 52786 | Depths:4 | Entered Level 4 of the Depths
 52796 | Depths:4 | Reached XP level 22. HP: 155/159 MP: 7/42
 52939 | Depths:4 | Noticed a golden dragon
 52940 | Depths:4 | Noticed Ubraesch's ghost (adept TrMo)
 52982 | Depths:4 | Found Byugyi's Weapon Emporium.
 53013 | Depths:4 | Found a runed translucent gate.
 53014 | Depths:4 | Found a runed translucent gate.
 53015 | Depths:4 | Found a runed translucent gate.
 53574 | Depths:4 | Found a gate to the Realm of Zot.
 53842 | Depths:4 | Killed a golden dragon
 53848 | Depths:4 | Killed Ubraesch's ghost
 53857 | Depths:4 | Identified the ring "Mairph" {rC+ Dex+3}
 54241 | Lair:3   | Killed SpyderV's ghost
 54375 | Snake:3  | Killed Ocirch's ghost
 54771 | Vaults:1 | Reached skill level 20 in Conjurations
 54774 | Vaults:1 | Killed Qecvurom's ghost
 54798 | Vaults:1 | Identified the ring of Luhaocha {rF- rC- rN+ rCorr Str+8}
 54929 | Crypt:1  | Entered Level 1 of the Crypt
 56677 | Crypt:3  | Entered Level 3 of the Crypt
 57055 | Crypt:3  | Noticed a curse toe
 57055 | Crypt:3  | Noticed a dread lich
 57064 | Crypt:3  | Killed a dread lich
 57065 | Crypt:3  | Killed a curse toe
 57279 | Crypt:3  | Gained mutation: You can speak a Word of Chaos. [demonic
                  | ancestry]
 57279 | Crypt:3  | Reached XP level 23. HP: 165/165 MP: 40/43
 57535 | Crypt:3  | Reached skill level 10 in Shields
 57992 | Crypt:3  | Found a staircase to the Tomb.
 58083 | Crypt:3  | Noticed an ancient lich
 58093 | Crypt:3  | Killed an ancient lich
 58120 | Crypt:3  | Identified the +1 arbalest "Beokukko" {freeze, Str+2 Dex+5}
 58122 | Crypt:3  | Identified the ring "Vedail" {rN+ Str+4}
 58122 | Crypt:3  | Identified the ring of Urinepn {Fly rN+ Str+3 Int-4 SInv}
 58122 | Crypt:3  | Identified the ring "Nuim" {rN+ Int+3}
 58126 | Crypt:3  | Identified the ring "Wabeseid" {rN++ MP+9 Int+3 Dex+2}
 58508 | Slime:1  | Entered Level 1 of the Pits of Slime
 58513 | Slime:1  | Reached skill level 21 in Conjurations
 58517 | Slime:1  | Gained mutation: You occasionally lose the ability to read
                  | scrolls when taking damage. [a shining eye]
 58728 | Slime:4  | Noticed Dissolution
 58731 | Slime:4  | Killed Dissolution
 58822 | Slime:5  | Entered Level 5 of the Pits of Slime
 58850 | Slime:5  | Noticed the Royal Jelly
 59060 | Slime:5  | Killed the Royal Jelly
 59087 | Slime:5  | Gained mutation: Your flesh is heat resistant. (rF+) [a
                  | shining eye]
 59161 | Slime:5  | Identified the +2 ring mail of Ynepteim {Str+3 Dex+2}
 59170 | Slime:5  | Identified the +6 halberd "Rickae" {heavy, Dex+4}
 59175 | Slime:5  | Identified the +6 plate armour "Huodol" {Harm SInv Stlth+}
 59210 | Slime:5  | Identified the +0 plate armour of Grace {-Tele rN+++ Regen+
                  | Str+4}
 59237 | Slime:5  | Identified the +2 scale mail "Iranuq" {rPois Str+8 Int-5}
 59251 | Slime:5  | Identified the amulet "Jeninguc" {rPois Will+ Regen+ Int+2}
 59258 | Slime:5  | Identified the ring of the Queen {+Blink Fly Str+4}
 59269 | Slime:5  | Identified the +0 battleaxe "Yqaut" {freeze, rPois Str+3
                  | Dex+2}
 59276 | Slime:5  | Got a slimy rune of Zot
 60013 | Vaults:4 | Noticed Mennas
 60078 | Vaults:4 | Reached XP level 24. HP: 172/172 MP: 44/44
 60097 | Vaults:4 | Killed Mennas
 60098 | Vaults:4 | Reached skill level 22 in Conjurations
 60651 | Vaults:4 | Noticed Bai Suzhen
 60656 | Vaults:4 | Killed Bai Suzhen
 61419 | Vaults:5 | Entered Level 5 of the Vaults
 61428 | Vaults:5 | Noticed an ancient lich
 61434 | Vaults:5 | Noticed a dread lich
 61524 | Vaults:5 | Killed an ancient lich
 61743 | Vaults:5 | Reached skill level 23 in Conjurations
 61792 | Vaults:5 | Identified the +1 troll leather armour "Biuj" {+Inv rC+
                  | Regen+}
 61872 | Vaults:5 | Identified the +1 quarterstaff "Vacug" {heavy, rElec rN+
                  | Str+9 Stlth-}
 62128 | Vaults:5 | Reached XP level 25. HP: 169/177 MP: 16/46
 62246 | Vaults:5 | Identified the ring "Reghuwki" {Ice rPois Will+}
 62562 | Vaults:5 | Killed a dread lich
 62563 | Vaults:5 | Identified the ring "Reum Iph" {MP+9 Int+3}
 62662 | Vaults:5 | Got a silver rune of Zot
 62715 | Vaults:5 | Identified the +2 scale mail of Irksome Freedom {+Inv rF+
                  | rN+ Will-}
 63319 | Vaults:1 | Bought +0 shadow dragon scales for 1600 gold pieces
 63471 | D:13     | You paid a toll of +2 shadow dragon scales to enter a
                  | treasure trove
 63472 | Trove    | Entered a treasure trove
 63474 | Trove    | Found the +2 hat of the Bear Spirit {Spirit, Bear, *Rage
                  | Will++}
 63475 | Trove    | Found the +15 Maxwell's patent armour {-Cast -Tele rElec
                  | Will+ rCorr}
 63476 | Trove    | Identified the +3 pair of boots of Entitlement {Str+2}
 63481 | Trove    | Identified the +4 ring mail "Gilacaxoed" {rN+ Will+ SInv}
 63487 | Trove    | Identified the +0 plate armour of Vehumet's Approval {rC+}
 63488 | Trove    | Identified the +1 ring mail of the Known World {rF+ Str+3}
 63497 | Trove    | Identified the +13 crystal plate armour of Hoeliap {Int+2}
 63756 | Zot:1    | Entered Level 1 of the Realm of Zot
 63762 | Zot:1    | Reached skill level 1 in Armour
 63841 | Zot:2    | Noticed Vv
 63965 | Zot:2    | Learned a level 6 spell: Statue Form
 64002 | Zot:2    | Reached skill level 1 in Transmutations
 64220 | Zot:3    | Noticed a Killer Klown
 64223 | Zot:3    | Killed a Killer Klown
 64287 | Zot:3    | Reached skill level 5 in Transmutations
 64421 | Zot:2    | Lost mutation: Your flesh is heat resistant. (rF+) [potion
                  | of mutation]
 64421 | Zot:2    | Lost mutation: You occasionally lose the ability to read
                  | scrolls when taking damage. [potion of mutation]
 64421 | Zot:2    | Gained mutation: You have an increased reservoir of magic.
                  | (+10% MP) [potion of mutation]
 64421 | Zot:2    | Gained mutation: You are robust. (+10% HP) [potion of
                  | mutation]
 64421 | Zot:2    | Gained mutation: Your muscles are strong. (Str +4, Int/Dex
                  | -1) [potion of mutation]
 64624 | Zot:4    | Noticed a Killer Klown
 64629 | Zot:4    | Killed a Killer Klown
 64809 | Zot:5    | Entered Level 5 of the Realm of Zot
 64832 | Zot:5    | Noticed an orb of fire
 64832 | Zot:5    | Noticed a dread lich
 64832 | Zot:5    | Noticed a dread lich
 64832 | Zot:5    | Noticed a dread lich
 64832 | Zot:5    | Noticed a Killer Klown
 64832 | Zot:5    | Noticed a dread lich
 64832 | Zot:5    | Noticed a dread lich
 65152 | Zot:5    | Noticed an ancient lich
 65158 | Zot:5    | Killed an ancient lich
 65198 | Zot:5    | Killed an orb of fire
 65199 | Zot:5    | Reached skill level 10 in Transmutations
 65453 | Zot:5    | Noticed a Killer Klown
 65453 | Zot:5    | Noticed an ancient lich
 65456 | Zot:5    | Killed a Killer Klown
 65456 | Zot:5    | Killed an ancient lich
 65457 | Zot:5    | Noticed a Killer Klown
 65462 | Zot:5    | Killed a Killer Klown
 65498 | Zot:5    | Noticed an orb of fire
 65525 | Zot:5    | Lost mutation: You are robust. (+10% HP) [an orb of fire]
 65526 | Zot:5    | Killed an orb of fire
 65914 | Zot:5    | Reached XP level 26. HP: 191/191 MP: 51/51
 66005 | Zot:5    | Killed a dread lich
 66016 | Zot:5    | Killed a dread lich
 66029 | Zot:5    | Got the Orb of Zot
 66095 | Zot:5    | Noticed Kour the pandemonium lord
 66099 | Zot:5    | Killed Kour the pandemonium lord
 66548 | D:7      | Noticed a seraph
 66567 | D:6      | Noticed Xuvvod the pandemonium lord
 66665 | D:2      | Noticed Cosott the pandemonium lord
 66701 | D:$      | Escaped with the Orb!

Illustrated notes

Levels and vault maps discovered:
D:1:      dpeg_arrival_solitude, layout_loops_ring
D:2:      layout_rooms, minmay_tromino_v4_c
D:3:      layout_basic, serial_shops, nicolae_shop_overgrown_old_shop, uniq_ijyb
D:4:      layout_loops_ring, marbit_many_paths, gup_sewer_entry_bowl
D:5:      layout_basic, lightli_minifort
D:6:      layout_basic, makhleb_blood_cavern_becter,
          minmay_temple_entry_butterflies, serial_bayou_lagoon_a,
          nicolae_shop_vocational, uniq_grinder
D:7:      layout_basic, chequers_temple_overflow_minitemple, uniq_menkaure,
          uniq_duvessa, uniq_crazy_yiuf_cottage
D:8:      cheibrodos_shockbox, layout_loops_corners, general_overflow_altar,
          lair_entry_dummy, minmay_bent, uniq_prince_ribbit1
D:9:      kennysheep_housing_project, layout_basic,
          kennysheep_orc_monster_closet_entryway, palyth_stone_intersect,
          minmay_misc_feat_ornament
D:10:     layout_roguey, mainiacjoe_overflow_tiny_flanked, serial_shops,
          kennysheep_mini_moat, hellmonk_ghost_happy_afterlife, minivault_26,
          kb_rosetta
D:11:     layout_grid_maze, minmay_protected_statue, uniq_psyche
D:12:     layout_roguey, gauntlet_entry_generic, serial_shops, kennysheep_mini,
          nrook_uturn
D:13:     minmay_sliced_demisemicircle, layout_irregular_city,
          nicolae_trove_entry_crystal, nicolae_ashenzari_panopticon,
          uniq_jorgrun
D:14:     layout_rooms, david_vaults_1, kennysheep_cross_room,
          nrook_mini_backslash
D:15:     gammafunk_enter_depths_forms, layout_loops_ring,
          nicolae_nh_vlads_tower
Temple:   regret_index_temple_waves
Lair:1:   layout_gridlike, gammafunk_ghost_abyssal_escape, minivault_26
Lair:2:   layout_regular_city, nicolae_swamp_entry_splash_gauntlet,
          ebering_ghost_funeral_grove, lemuel_fruit_tree, serial_bayou_shore_a
Lair:3:   layout_roguey, guppyfry_snake_entry_island,
          maelrawn_ghost_gauntlet_escape, serial_bayou_pond_a,
          cheibrodos_lair_lostbears, grunt_megastairs_4, lemuel_fruit_fields,
          infiniplex_staircase_pool
Lair:4:   layout_loops_ring
Lair:5:   due_jungle_book, layout_gridlike, slime_entry_1,
          grunt_forest_small_clearings, serial_bayou_pond_c,
          kilobyte_rumbling_trees, uniq_rupert
Swamp:1:  layout_basic_swamp, evilmike_swamp_ruin_rubble_2, swamp_pool5,
          st_swamp_ruins_4, uniq_mlioglotl
Swamp:2:  layout_falls_marsh, evilmike_swamp_ruin_house_1, swamp_pool3,
          kb_tengu_band
Swamp:3:  layout_basic_swamp, hangedman_swamp_diagram
Swamp:4:  swamp_alternative, layout_basic_swamp,
          gammafunk_ghost_berserking_beasts, swamp_pool2,
          nicolae_swamp_frolicking_bunyips
Snake:1:  layout_honeycomb, drop_trap, st_stairs_10, nicolae_specific_store,
          nrook_guardian_serpent_ordinary, nicolae_integral_box, uniq_aizul,
          uniq_josephine
Snake:2:  layout_onion, serial_shops, shop, nicolae_triple_integral
Snake:3:  layout_layer_cave, ebering_ghost_reflecting_pool
Snake:4:  hellmonk_snake_rune_quicksilver_temple, layout_rooms
Slime:1:  layout_caves
Slime:2:  layout_caves, special_room [special_room_jelly]
Slime:3:  layout_caves
Slime:4:  layout_caves, dissolution_awaits, uniq_dissolution
Slime:5
Orc:1:    layout_diamond_mine, serial_shops,
          nicolae_shop_temple_entry_statues_fountains,
          portal_ice_cave_entry_imps
Orc:2:    pf_orc_diabolical, layout_diamond_mine, basic_altar
Elf:1:    elf_arrival_002, layout_geoelf_diagonals, serial_shops,
          nicolae_shop_stone, shop, shop, minivault_28, moated_statue,
          minmay_shoptagon
Elf:2:    nicolae_elf_blades_crystal_corner, layout_gridlike, basic_altar,
          nicolae_stop_n_shop_2, minmay_shop_grove
Elf:3:    elf_hall, layout_geoelf_diagonals, minmay_misc_feat_pillars,
          dk_noncrumbling_4
Vaults:1: gammafunk_ghost_mausoleum, ontoclasm_vaults_hangar,
          nicolae_vaults_specimen_jars, hangedman_vaults_stream,
          vaults_mumra_minichess_inversion, nicolae_vaults_alarming,
          vaults_room_hangedman_quadrants, grunt_vaults_twisty,
          nicolae_vaults_circle_grid_b, v_misc_2, hangedman_vaults_slice,
          grunt_vaults_hallway_short, nicolae_vaults_little_squares_1,
          grunt_vaults_hallway_short, layout_vaults_ring, serial_shops, shop,
          uniq_nikola
Vaults:2: vaults_room_semicircle, v_rooms_4, vaults_dpeg_emergency_exit,
          minmay_crypt_entry_simple_round, ontoclasm_vaults_misaligned,
          vaults_standard_mumra_enter_the_diamond, grunt_vaults_hallway_long,
          dpeg_vaults_monster_box, nicolae_vaults_mini_display_case,
          ontoclasm_vaults_twist, vaults_dpeg_ring, layout_vaults_chaotic_city,
          serial_shops, nicolae_shop_statue_plus, nicolae_square_shop,
          nicolae_shop_hallway_stairs, shop, uniq_saint_roka
Vaults:3: nicolae_vaults_network_periphery, nicolae_vaults_circle_grid_a,
          hangedman_vaults_maws, nicolae_vaults_little_squares_3, v_misc_5,
          grunt_tower_of_power, v_misc_1, v_misc_24,
          hangedman_vaults_corner_blocks, hangedman_vaults_trim,
          grunt_vaults_focal, dpeg_vaults_monster_row,
          nicolae_vaults_ring_of_whatevers, v_misc_14, layout_vaults_omnicross,
          serial_shops, bzr_entry_islet
Vaults:4: vaults_room_boxed, v_misc_5, hangedman_vaults_stretched_pinwheel,
          ontoclasm_vaults_decontamination, nicolae_vaults_what_the_h,
          nicolae_vaults_windows_and_doors_thing,
          nicolae_vaults_ring_of_whatevers, v_rooms_5, v_misc_29,
          vaults_dpeg_diagonal, vaults_mumra_chevron,
          ontoclasm_vaults_fire_temple, v_misc_23,
          nicolae_vaults_little_squares_4, layout_vaults_omnibox, uniq_mennas,
          uniq_bai_suzhen
Vaults:5: serial_shops
Crypt:1:  layout_misc_corridors, minmay_misc_feat_cross,
          nicolae_crypt_ancient_font, minivault_5, grunt_ministairs_14
Crypt:2:  layout_gridlike
Crypt:3:  david_glass_crypt, layout_chaotic_city, tomb_entry_sphere_bobbens,
          amcnicky_mini_corridor_feature
Depths:1: layout_basic, enter_ziggurat_c, pf_dread_powers_of_hell,
          grunt_decor_resistance, guppyfry_shop_earth
Depths:2: minmay_shoctagon, layout_gridlike, serial_shops,
          nicolae_shop_competitors_out_of_business, hell_entry, pan_entry,
          serial_corexii_hall, chequers_hall_statues_wall_a,
          corexii_hall_statues_i, corexii_hall_statues_s, uniq_grunn
Depths:3: kennysheep_six_static_rooms, layout_gridlike, abyss_entry, hell_entry,
          serial_shops, shop, rand_demon_pan_entry_7,
          minmay_misc_feat_four_crosses
Depths:4: grunt_zot_entry_gee_three, layout_cave_shapes, gammafunk_ghost_split,
          hell_entry, serial_shops, nicolae_shop_temple_entry_statues_fountains
Zot:1:    layout_gridlike
Zot:2:    layout_gridlike, grunt_megastairs_5, uniq_vv, uniq_tiamat
Zot:3:    layout_misc_corridors
Zot:4:    gammafunk_mikee_crab_dinner, layout_twisted_circle, hangedman_zot_gyre
Zot:5:    layout_misc_corridors

Skill      XL: |  1  2  3  4  5  6  7  8  9 10 11 12 13 14 15 16 17 18 19 20 21 22 23 24 25 26 |
---------------+-------------------------------------------------------------------------------+-----
Necromancy     | 5 6 7 8 |  8.0
Spellcasting   | 3 4 5 6 8 10 11 12 13 14 16 17 19 20 | 20.0
Translocations | 1 2 3 |  3.0
Poison Magic   | 1 3 |  3.0
Conjurations   | 1 3 5 8 10 13 15 16 17 19 20 21 23 | 23.6
Fighting       | 5 10 12 | 12.9
Shields        | 4 5 8 9 12 14 | 14.0
Earth Magic    | 7 10 12 | 12.0
Ranged Weapons | 4 5 |  5.0
Fire Magic     | 4 5 9 12 15 17 18 19 20 21 22 | 22.3
Evocations     | 3 9 13 | 13.5
Armour         | 2 |  2.3
Transmutations | 10 | 10.0
Dodging        | |  1.7
Stealth        | |  1.7

Action                     |  1- 3 |  4- 6 |  7- 9 | 10-12 | 13-15 | 16-18 | 19-21 | 22-24 | 25-27 || total
---------------------------+-------+-------+-------+-------+-------+-------+-------+-------+-------++-------
  Melee: Mace              |    19 |    10 |   103 |       |       |       |       |       |       ||   132
         Punch             |       |       |     4 |       |       |       |       |       |       ||     4
         Hand axe          |       |       |   114 |   178 |       |       |       |       |       ||   292
         Unarmed           |       |       |       |     7 |       |       |       |       |       ||     7
         Demon trident     |       |       |       |    12 |   126 |     4 |       |       |       ||   142
         Morningstar       |       |       |       |       |       |    18 |       |       |       ||    18
         Staff             |       |       |       |       |       |     1 |     1 |    18 |       ||    20
   Fire: Sling             |       |       |       |    47 |   267 |    11 |    35 |       |       ||   360
  Throw: Dart              |       |       |       |     1 |       |       |       |       |       ||     1
         Throwing net      |       |       |       |     1 |       |       |       |       |       ||     1
   Cast: Necrotise         |    52 |   121 |   127 |   105 |     6 |       |       |       |       ||   411
         Call Imp          |       |       |    14 |     7 |       |       |       |       |       ||    21
         Mephitic Cloud    |       |       |    28 |    85 |    62 |     1 |     1 |       |       ||   177
         Blink             |       |       |     3 |     4 |     6 |     1 |     1 |       |       ||    15
         Animate Dead      |       |       |     9 |    20 |    34 |    37 |    21 |    16 |    10 ||   147
         Searing Ray       |       |       |       |    38 |     2 |       |       |       |       ||    40
         Lee's Rapid Decon |       |       |       |    26 |   157 |    99 |    89 |   131 |    26 ||   528
         Iskenderun's Myst |       |       |       |    10 |    68 |    30 |    25 |    26 |     6 ||   165
         Fulminant Prism   |       |       |       |     3 |    13 |       |       |       |       ||    16
         Iron Shot         |       |       |       |       |   108 |   149 |    98 |    71 |    81 ||   507
         Fireball          |       |       |       |       |    85 |   370 |   201 |   221 |    50 ||   927
         Ignition          |       |       |       |       |       |    14 |   141 |   176 |    38 ||   369
         Fire Storm        |       |       |       |       |       |       |       |    17 |    37 ||    54
         Statue Form       |       |       |       |       |       |       |       |       |     1 ||     1
Ability: Evoke Blink       |       |       |       |       |       |     3 |       |       |       ||     3
  Evoke: Wand              |       |       |    13 |    16 |    17 |     5 |     2 |       |     5 ||    58
         Condenser vane    |       |       |       |       |     1 |       |       |       |       ||     1
         Tin of tremorston |       |       |       |       |       |       |       |     1 |     1 ||     2
         Box of beasts     |       |       |       |       |       |       |       |     1 |       ||     1
    Use: Scroll            |       |       |    13 |    21 |    14 |     6 |     4 |     3 |    15 ||    76
         Potion            |       |       |     2 |     6 |     3 |     2 |       |     4 |     6 ||    23
   Stab: Confused          |       |       |     5 |    15 |     2 |       |       |       |       ||    22
         Invisible         |       |       |       |     2 |       |       |       |       |       ||     2
         Held in net/web   |       |       |       |     1 |       |       |       |       |       ||     1
         Paralysed         |       |       |       |     8 |       |       |       |       |       ||     8
         Petrified         |       |       |       |       |     3 |       |       |       |       ||     3
         Distracted        |       |       |       |       |     2 |       |       |       |       ||     2
 Armour: Robe              |     5 |     3 |       |    10 |    46 |    32 |    12 |    20 |       ||   128
         Leather armour    |       |    17 |    47 |    28 |       |       |       |       |       ||    92
         Skin              |       |       |    54 |    10 |       |       |       |       |     2 ||    66
         Ring mail         |       |       |       |       |       |       |       |       |    25 ||    25
  Dodge: Dodged            |    13 |    37 |   188 |   200 |   307 |   198 |    78 |    27 |    23 ||  1071
  Block: Other             |     4 |    11 |    64 |    80 |   109 |    17 |       |       |       ||   285
         Orb               |       |       |       |       |       |    79 |    17 |       |       ||    96
         Buckler           |       |       |       |       |       |       |    48 |    10 |       ||    58
         Reflection        |       |       |       |       |       |       |    13 |    17 |     3 ||    33
         Kite shield       |       |       |       |       |       |       |       |    97 |    69 ||   166

Table legend: (Time is in decaauts)
 A = Elapsed time spent in this place.
 B = Non-inter-level travel time spent in this place.
 C = Inter-level travel time spent in this place.
 D = Time resting spent in this place.
 E = Time spent auto-exploring this place.
 F = Levels seen in this place.
 G = Mean time per level.
                   A        B        C        D        E       F      G
               +--------+--------+--------+--------+--------+-----+--------+
         Total |  67362 |  59322 |   8040 |  17132 |  27231 |  61 | 1104.3 |
       Dungeon |  20264 |  16627 |   3637 |   3819 |   8678 |  15 | 1350.9 |
        Temple |     41 |     23 |     18 |      0 |     13 |   1 |   41.0 |
          Lair |   7988 |   6548 |   1440 |   1536 |   3155 |   5 | 1597.6 |
         Swamp |   4053 |   3840 |    213 |   1040 |   1873 |   4 | 1013.2 |
     Snake Pit |   5969 |   5503 |    466 |   1900 |   2642 |   4 | 1492.2 |
    Slime Pits |   1178 |   1074 |    104 |    272 |    389 |   5 |  235.6 |
  Orcish Mines |   2549 |   2121 |    428 |    608 |    795 |   2 | 1274.5 |
   Elven Halls |   3391 |   3119 |    272 |    752 |   1744 |   3 | 1130.3 |
        Vaults |   9152 |   8345 |    807 |   2609 |   3544 |   5 | 1830.4 |
         Crypt |   3228 |   3093 |    135 |   1034 |   1440 |   3 | 1076.0 |
        Depths |   5012 |   4620 |    392 |   1418 |   2419 |   4 | 1253.0 |
           Zot |   2452 |   2329 |    123 |   1296 |    217 |   5 |  490.4 |
        Bazaar |     89 |     89 |      0 |      0 |     41 |   1 |   89.0 |
         Trove |     39 |     39 |      0 |      0 |      0 |   1 |   39.0 |
         Sewer |    377 |    377 |      0 |     89 |     69 |   1 |  377.0 |
      Ice Cave |    601 |    601 |      0 |    238 |      0 |   1 |  601.0 |
      Gauntlet |    971 |    971 |      0 |    520 |    211 |   1 |  971.0 |
               +--------+--------+--------+--------+--------+-----+--------+

Top non-repeatable levels by time:
Vaults:1: 2122 daAuts
     D:9: 2106 daAuts
    D:11: 2100 daAuts
  Lair:5: 2066 daAuts
   Orc:2: 2052 daAuts
Vaults:2: 1981 daAuts
Vaults:3: 1979 daAuts
 Snake:3: 1902 daAuts
  Lair:4: 1832 daAuts
     D:6: 1806 daAuts
Vaults:5: 1743 daAuts
    D:13: 1668 daAuts
  Lair:3: 1644 daAuts
 Snake:1: 1524 daAuts
    D:10: 1464 daAuts
